 Dungeon Sprint DCSS version 0.28.0-45-g0d030f2227 (webtiles) character file.

Game seed: 8133045535012473229

1249 boopmooplesden the Carver (level 8, 0/83 (86) HPs)
             Began as a Minotaur Berserker on Apr 11, 2022.
             Was a High Priest of Trog.
             Slain by Josephine
             ... wielding a +1 dagger of venom
              (8 damage)
             ... in the Dungeon (Sprint III: "The Ten Rune Challenge").
             The game lasted 00:02:27 (1132 turns).

boopmooplesden the Carver (Minotaur Berserker)      Turns: 1132, Time: 00:02:28

HP:   0/83 (86)     AC:  2    Str: 23    XL:     8   Next: 26%
MP:   7/7           EV: 14    Int:  4    God:    Trog [*****.]
Gold: 13            SH:  0    Dex: 11    Spells: 7/7 levels left

rFire   . . .      SeeInvis .   r - +4 great sword (vorpal)
rCold   . . .      Faith    .   (shield currently unavailable)
rNeg    . . .      Spirit   .   b - +0 animal skin
rPois   .          Reflect  .   (helmet restricted)
rElec   .          Harm     .   (no cloak)
rCorr   .          Rampage  .   (no gloves)
Will    +....      NoTele   +   (no boots)
Stlth   +.........              (no amulet)
HPRegen 0.23/turn               (no ring)
MPRegen 0.10/turn               (no ring)

@: lethally poisoned (0 -> -7), on berserk cooldown, slowed, lightly drained,
very slow
A: horns 2, retaliatory headbutt, deterioration 1, strong-willed 1, screaming 1
a: Renounce Religion, Berserk, Trog's Hand, Brothers in Arms


You were in the Dungeon.
You worshipped Trog.
Trog was extremely pleased with you.
You visited 1 branch You collected 13 gold pieces.

Inventory:

Hand Weapons
 a - a +0 falchion
 p - a +2 long sword of holy wrath
 r - a +4 vorpal great sword (weapon)
Armour
 b - a +0 animal skin (worn)
 o - a +0 buckler
Wands
 n - a wand of paralysis (7)
Scrolls
 h - a scroll of blinking
 j - 2 scrolls of holy word {unknown}
 k - 3 scrolls of identify
Potions
 c - 2 potions of curing
 d - a potion of heal wounds
 e - a potion of haste
 f - 2 potions of magic
 g - 3 potions of berserk rage
 i - a potion of mutation
 l - 3 potions of flight
 m - a potion of invisibility
Miscellaneous
 q - a lightning rod (4/4)


   Skills:
 + Level 13.0 Fighting
 + Level 14.1 Long Blades
 + Level 6.1 Armour
 + Level 8.0 Dodging
 + Level 3.8 Stealth


You had 7 spell levels left.
You didn't know any spells.
Your spell library was empty.

Dungeon Overview and Level Annotations

Branches:
Dungeon (1/1)

Altars:
Cheibriados
Dithmenos
Elyvilon
Fedhas
Gozag
Hepliaklqana
Kikubaaqudgha
Makhleb
Nemelex Xobeh
Okawaru
Qazlal
Ru
Sif Muna
Trog
Uskayaw
Vehumet
Wu Jian
Xom
Yredelemnul
Zin
The Shining One
Beogh
Jiyva
Lugonu

Annotations:
D Josephine


Innate Abilities, Weirdness & Mutations

You have a pair of horns on your head.
You reflexively headbutt those who attack you in melee.
Your body sometimes deteriorates upon taking damage.
You are strong-willed. (Will+)
You occasionally shout uncontrollably at your foes.


Message History

Josephine is lightly wounded.
You are no longer berserk.
You are exhausted.
You feel yourself slow down.
You feel sick. Josephine misses you.
You slice Josephine!!
Josephine is moderately wounded.
You feel very sick.
Josephine splashes around in the water.
Josephine closely misses you.
Your unstable footing causes you to fumble your attack.
You feel sick.
Josephine splashes around in the water.
You hit Josephine.
Josephine is heavily wounded.
You feel sick.
Josephine points at you and mumbles some strange words.
The ghostly flame explodes!
The ghostly fireball engulfs you!!
You feel drained.
The ghostly fireball engulfs Josephine.
Josephine completely resists.
Josephine barely misses you. You furiously retaliate!
You headbutt Josephine! You closely miss Josephine.
Josephine is heavily wounded.
You feel sick.
Josephine hits you with a +1 dagger of venom.
You are more poisoned.
You slash Josephine! You headbutt Josephine.
Josephine is severely wounded.
You feel sick. Josephine completely misses you.
Josephine hits you with a +1 dagger of venom.
You are more poisoned.
Your unstable footing causes you to fumble your attack.
You feel very sick. Josephine draws life force from you!!
* * * LOW HITPOINT WARNING * * *
Josephine is healed by the life force!
You slash Josephine!
Josephine is almost dead.
* * * LOW HITPOINT WARNING * * *
You feel very sick.
Josephine splashes around in the water.
Josephine hits you with a +1 dagger of venom!
You die...

♣.#___#___#__#
..#...#__)#._#
..###'#†###)##
..#..........#
♣.'.⌠........#
..#...######'#
..#.⌠.#__#...#+#####
..#)..#__#...#§§@§§+
..#'###__#...#.#@§§#
..#.:)#__#...'.#§§§#
..#___#__'...#.#§§§#
▓▓▓▓▓▓▓▓▓▓▓▓▓▓▓▓▓▓▓▓


You could see Josephine.

Vanquished Creatures
  A deep elf pyromancer (D)
  A shadow (D)
  A spatial vortex (D)
  A necrophage (D)
  A water elemental (D)
  A jelly (D)
  A necromancer (D)
  A kobold demonologist (D)
  3 humans (D)
  A phantom (D)
  2 endoplasms (D)
  2 rats (D)
16 creatures vanquished.

Vanquished Creatures (others)
  A wizard (D)
1 creature vanquished.

Grand Total: 17 creatures vanquished

Notes
Turn   | Place    | Note
-------+----------+-------------------------------------------
     0 | D        | boopmooplesden the Minotaur Berserker began the quest for
                  | the Orb.
     0 | D        | Reached XP level 1. HP: 19/19 MP: 0/0
     7 | D        | Reached skill level 4 in Long Blades
    72 | D        | Reached ** piety under Trog
    99 | D        | Reached skill level 5 in Fighting
    99 | D        | Reached skill level 5 in Long Blades
    99 | D        | Reached XP level 2. HP: 29/29 MP: 1/1
   179 | D        | Gained mutation: You occasionally shout uncontrollably at
                  | your foes. [potion of mutation]
   179 | D        | Gained mutation: Your body sometimes deteriorates upon
                  | taking damage. [potion of mutation]
   179 | D        | Gained mutation: You are strong-willed. (Will+) [potion of
                  | mutation]
   180 | D        | Noticed a water elemental
   186 | D        | Killed a water elemental
   186 | D        | Reached *** piety under Trog
   187 | D        | Reached skill level 7 in Long Blades
   187 | D        | Reached XP level 3. HP: 31/38 MP: 2/2
   187 | D        | Reached XP level 4. HP: 36/45 MP: 3/3
   347 | D        | Found a basalt altar of Yredelemnul.
   347 | D        | Found a shadowy altar of Dithmenos.
   347 | D        | Found a sacrificial altar of Ru.
   347 | D        | Noticed a necrophage
   351 | D        | Killed a necrophage
   352 | D        | Reached skill level 9 in Long Blades
   352 | D        | Reached skill level 1 in Stealth
   352 | D        | Reached XP level 5. HP: 56/56 MP: 4/4
   482 | D        | Found a radiant altar of Vehumet.
   484 | D        | Found a shimmering blue altar of Sif Muna.
   484 | D        | Found an ancient bone altar of Kikubaaqudgha.
   487 | D        | Reached skill level 5 in Dodging
   497 | D        | Reached skill level 10 in Long Blades
   664 | D        | Found a hide-covered altar of Uskayaw.
   664 | D        | Found an iron altar of Okawaru.
   664 | D        | Found a bloodstained altar of Trog.
   664 | D        | Found an ornate altar of the Wu Jian Council.
   664 | D        | Noticed a human
   664 | D        | Noticed a human
   670 | D        | Killed a human
   670 | D        | Reached **** piety under Trog
   671 | D        | Reached skill level 10 in Fighting
   671 | D        | Reached skill level 11 in Long Blades
   671 | D        | Reached skill level 5 in Armour
   671 | D        | Reached XP level 6. HP: 67/67 MP: 5/5
   678 | D        | Killed a human
   679 | D        | Reached skill level 12 in Long Blades
   679 | D        | Reached XP level 7. HP: 74/74 MP: 6/6
   759 | D        | Found a glowing silver altar of Zin.
   761 | D        | Found a glowing golden altar of the Shining One.
   761 | D        | Found a white marble altar of Elyvilon.
   761 | D        | Noticed a deep elf pyromancer
   765 | D        | Noticed a fire elemental
   766 | D        | Killed a deep elf pyromancer
   767 | D        | Reached skill level 13 in Long Blades
   850 | D        | Noticed a shadow
   863 | D        | Killed a shadow
   863 | D        | Reached ***** piety under Trog
   864 | D        | Reached XP level 8. HP: 31/85 MP: 7/7
  1086 | D        | Found a blossoming altar of Fedhas.
  1086 | D        | Found a stormy altar of Qazlal.
  1086 | D        | Found a snail-covered altar of Cheibriados.
  1086 | D        | Found a burning altar of Makhleb.
  1086 | D        | Found a shimmering altar of Xom.
  1087 | D        | Found a hazy altar of Hepliaklqana.
  1087 | D        | Found an opulent altar of Gozag.
  1087 | D        | Found a sparkling altar of Nemelex Xobeh.
  1087 | D        | Found a corrupted altar of Lugonu.
  1087 | D        | Found a viscous altar of Jiyva.
  1097 | D        | Received a gift from Trog
  1098 | D        | Reached skill level 14 in Long Blades
  1114 | D        | Noticed Josephine
  1132 | D        | Slain by Josephine

Illustrated notes

Levels and vault maps discovered:
D:        dungeon_sprint_mu [sprint_mu_entry_forest, sprint_mu_temple_rooms,
          sprint_mu_d1_horrors, sprint_mu_d2_genie, sprint_mu_d3_branching,
          sprint_mu_orc_legion, sprint_mu_elf_gauntlet, sprint_mu_hive_nellie,
          sprint_mu_lair_fedhas, sprint_mu_vaults_butterflies,
          sprint_mu_slime_circle, sprint_mu_shoals_archi,
          sprint_mu_snake_twists, sprint_mu_blade_basic, sprint_mu_crypt_lich,
          sprint_mu_tomb_spiral, sprint_mu_vestibule_basic,
          sprint_mu_gehenna_hellfire, sprint_mu_dis_giant,
          sprint_mu_tartarus_statrot, sprint_mu_cocytus_islands, sprint_mu_zot1]

Skill      XL: |  1  2  3  4  5  6  7  8 |
---------------+-------------------------+-----
Fighting       | 5 6 8 10 11 12 13 | 13.0
Long Blades    | 5 7 9 11 12 13 14 | 14.1
Armour         | 3 4 5 6 |  6.1
Dodging        | 3 4 6 7 8 |  8.0
Stealth        | 1 2 3 |  3.8

Action                   |  1- 3 |  4- 6 |  7- 9 || total
-------------------------+-------+-------+-------++-------
Melee: Falchion          |    16 |    25 |     4 ||    45
       Headbutt          |     3 |     5 |     3 ||    11
       Punch             |       |     1 |       ||     1
       Long sword        |       |       |    18 ||    18
       Great sword       |       |       |    14 ||    14
Invok: Berserk           |     2 |     3 |     2 ||     7
  Use: Potion            |     2 |       |       ||     2
 Stab: Invisible         |     1 |       |       ||     1
Armor: Animal skin       |       |     1 |     2 ||     3
Dodge: Dodged            |     7 |     2 |     6 ||    15
